Map: Orbital Shipyard

Players

Bop

  • Race: Protoss Protoss

cDgGoatdrop - Winner!

  • Race: Protoss Protoss

VOD

Have the link to the VOD?

Description

Time

  • Played on: May 4, 2015, 3:39 a.m.
  • Length: 5:41
Show
View Real Time Build Order
Export as new Build Order

Bop Protoss 

Build Orders: Mass Adepts 

Get SALT Encoding   

  12  0:00  Probe  
  13  0:14  Pylon  
  13  0:17  Probe  
  14  0:32  Probe (Chrono Boost)  
  15  0:38  Gateway  
  15  0:42  Probe (Chrono Boost)  
  16  0:49  Probe, Assimilator  
  17  1:01  Probe (Chrono Boost), Pylon  
  18  1:13  Probe (Chrono Boost)  
  19  1:20  Probe (Chrono Boost)  
  20  1:27  Cybernetics Core  
  20  1:28  Gateway  
  20  1:59  Pylon  
  20  2:03  Warp Gate (Chrono Boost)  
  20  2:07  Adept (Chrono Boost)  
  22  2:15  Adept (Chrono Boost)  
  24  2:28  Gateway  
  24  2:33  Adept (Chrono Boost)  
  24  2:35  Gateway  
  28  2:41  Adept (Chrono Boost)  
  28  2:45  Pylon  
  28  2:53  Pylon  
  28  2:56  Adept (Chrono Boost)  
  30  3:02  Adept (Chrono Boost)  
  31  3:39  Gateway  
  29  3:44  Gateway  
  27  3:54  Adept x2  
  27  3:55  Adept x2  
  33  4:21  Adept x3  
  33  4:22  Adept  
  31  4:40  Adept x2  
  27  4:47  Adept x3  
  18  5:08  Probe (Chrono Boost)  
  14  5:18  Probe (Chrono Boost)  
Show
View Real Time Build Order
Export as new Build Order

cDgGoatdrop Protoss - Winner!

Build Orders: Robo Opening, Mass Adepts 

Get SALT Encoding   

  12  0:01  Probe  
  13  0:15  Pylon  
  13  0:18  Probe  
  14  0:33  Probe (Chrono Boost)  
  15  0:36  Gateway  
  16  0:44  Probe (Chrono Boost)  
  16  0:47  Assimilator  
  16  0:51  Probe (Chrono Boost)  
  17  1:02  Probe (Chrono Boost), Pylon  
  19  1:13  Probe (Chrono Boost)  
  19  1:19  Probe  
  19  1:23  Cybernetics Core  
  20  1:31  Probe  
  21  1:38  Pylon  
  21  1:59  Robotics Facility  
  21  2:01  Gateway  
  21  2:02  Gateway  
  21  2:07  Warp Gate (Chrono Boost)  
  21  2:19  Adept (Chrono Boost), Pylon  
  23  2:32  Gateway  
  23  2:34  Gateway  
  23  2:46  Adept (Chrono Boost)  
  25  2:51  Warp Prism  
  31  3:09  Adept (Chrono Boost)  
  31  3:10  Adept (Chrono Boost)  
  31  3:22  Adept (Chrono Boost)  
  33  3:33  Adept (Chrono Boost)  
  37  3:36  Adept x2 (Chrono Boost)  
  37  4:15  Adept x4  
  45  4:24  Adept  
  40  4:38  Adept  
  40  4:40  Zealot x3  
  31  5:07  Zealot x2  
Tags
 
Add a new tag
Caveats
  • Supply blocks, unpowered buildings, or Contaminate may cause inaccurate times.
  • Supply counts are checked every 10 seconds.